 Dungeon Crawl Stone Soup version 0.28-a0-1506-g3893175d92 (webtiles) character file.

Game seed: 15736178677090845264

151 croobank the Insei (level 5, -6/35 HPs)
             Began as an Octopode Transmuter on Jan 13, 2022.
             Killed from afar by a steam dragon (14 damage)
             ... with a ball of steam
             ... on level 4 of the Dungeon.
             The game lasted 00:08:49 (2632 turns).

croobank the Insei (Octopode Transmuter)            Turns: 2632, Time: 00:08:54

Health: -6/35      AC:  1    Str: 11    XL:     5   Next: 33%
Magic:  9/9        EV: 13    Int: 15    God:
Gold:   112        SH:  0    Dex: 13    Spells: 7/10 levels left

rFire   . . .      SeeInvis +   i - +0 short sword
rCold   . . .      Faith    .   (no shield)
rNeg    . . .      Spirit   .   (helmet restricted)
rPois   .          Reflect  .   (no amulet)
rElec   .          Harm     .   h - ring of see invisible
rCorr   .          Rampage  .   (no ring)
Will    .....                   (no ring)
Stlth   ++........              (no ring)
HPRegen 0.11/turn               (no ring)
MPRegen 0.11/turn               (no ring)
                                (no ring)
                                (no ring)

@: mighty
A: almost no armour, amphibious, 8 rings, camouflage 1, gelatinous body 1,
(nimble swimmer 1), tentacles
a: no special abilities


You were on level 4 of the Dungeon.
You visited 1 branch of the dungeon, and saw 4 of its levels.

You collected 112 gold pieces.

Inventory:

Hand Weapons
 i - a +0 short sword (weapon)
 p - a +0 antimagic dagger
Missiles
 c - 38 arrows
 e - 6 boomerangs (quivered)
 l - 20 bolts
 q - 28 stones
Armour
 g - a +2 hat
Jewellery
 h - a ring of see invisible (left tentacle)
Wands
 m - a wand of acid (10)
Scrolls
 a - 3 scrolls of fog
 b - a scroll of fear
 d - 2 scrolls of enchant armour
 f - a scroll of noise {unknown}
 j - 2 scrolls of amnesia {unknown}
 n - a scroll of silence {unknown}
Potions
 o - a potion of curing {unknown}
 r - a potion of resistance {unknown}


   Skills:
 + Level 2.4 Fighting
 + Level 3.0 Dodging
 - Level 3.3 Unarmed Combat
 + Level 3.0 Spellcasting
 + Level 3.0 Transmutations


You had 7 spell levels left.
You knew the following spells:

 Your Spells              Type           Power      Damage    Failure   Level
a - Beastly Appendage     Tmut           22%        N/A       6%          1
b - Wereblood             Tmut           11%        N/A       9%          2

Your spell library contained the following spells:

 Spells                   Type           Power      Damage    Failure   Level
 Spider Form              Tmut/Pois      6%         N/A       32%         3
 Ice Form                 Ice/Tmut       6%         N/A       71%         4


Dungeon Overview and Level Annotations

Branches:
Dungeon (4/15)
 Temple: D:4-7

Altars:


Innate Abilities, Weirdness & Mutations

You cannot wear most types of armour.
You are amphibious.
You can wear up to eight rings at the same time.
Your skin changes colour to match your surroundings (Stealth+).
Your rubbery body absorbs attacks. (AC +1, EV +1)
((You are camouflaged when in or above water. (Stealth+)))
You have tentacles for arms and can constrict up to eight enemies at once.


Message History

You see here a +0 ring mail.
You see here a +0 robe.
There is a stone staircase leading down here.
You climb downwards.
There is a stone staircase leading up here.
A steam dragon comes into view.
Okay, then.
Throw: 6 boomerangs
Press: ? - help, Q - select action, (/) - cycle Shift-Dir - straight line, f - steam dragon
Aim: a steam dragon (57% to hit)
You throw a boomerang.
The boomerang hits the steam dragon but does no damage.
Unknown command.
Throw: 6 boomerangs
Press: ? - help, Q - select action, (/) - cycle Shift-Dir - straight line, f/p - steam dragon
Aim: a steam dragon (57% to hit)
You throw a boomerang.
The boomerang barely misses the steam dragon.
Unknown command.
Unknown command.
Throw: 6 boomerangs
Press: ? - help, Q - select action, (/) - cycle Shift-Dir - straight line, f/p - steam dragon
Aim: a steam dragon (57% to hit)
You throw a boomerang.
The boomerang barely misses the steam dragon.
Throw: 6 boomerangs
Press: ? - help, Q - select action, (/) - cycle Shift-Dir - straight line, f/p - steam dragon
Aim: a steam dragon (57% to hit)
You throw a boomerang. The boomerang hits the steam dragon.
The steam dragon is lightly wounded.
The steam dragon breathes steam at you. The ball of steam hits you!!
Ouch! That really hurt!
It was a potion of might.
You feel very mighty all of a sudden.
You are engulfed in a cloud of scalding steam.
* * * LOW HITPOINT WARNING * * *
The steam dragon breathes steam at you. The ball of steam hits you!
You die...

##...#
#.#########...##
#.#.........###
............##
.............#
.............#
...........D.#
...........§.#
.......<...@.#
...........§##
...........§#
#..........##
#.........##
#........##
##......##
########


You could see a steam dragon (catching breath).

Vanquished Creatures
  Natasha (thrice) (D:2)
  An adder (D:3)
  A worm (D:2)
  3 orcs (D:3)
  4 ball pythons (D:3)
  5 bats
  5 endoplasms
  2 giant cockroaches (D:1)
  5 goblins
  4 hobgoblins
  4 jackals (D:1)
  2 quokkas
  2 frilled lizards
  5 kobolds
  20 rats
66 creatures vanquished.

Notes
Turn   | Place    | Note
-------+----------+-------------------------------------------
     0 | D:1      | croobank the Octopode Transmuter began the quest for the
                  | Orb.
     0 | D:1      | Reached XP level 1. HP: 13/13 MP: 3/3
   341 | D:1      | Reached XP level 2. HP: 13/18 MP: 3/5
   756 | D:1      | Reached XP level 3. HP: 10/23 MP: 6/6
  1216 | D:2      | Noticed Natasha
  1216 | D:2      | Found a faded altar of an unknown god.
  1227 | D:2      | Killed Natasha
  1365 | D:2      | Noticed Natasha
  1370 | D:2      | Killed Natasha
  1371 | D:2      | Reached XP level 4. HP: 29/29 MP: 5/7
  1383 | D:2      | Learned a level 2 spell: Wereblood
  1494 | D:2      | Noticed Natasha
  1501 | D:2      | Killed Natasha
  1941 | D:3      | Reached XP level 5. HP: 30/34 MP: 7/9
  2618 | D:4      | Noticed a steam dragon
  2632 | D:4      | Killed from afar by a steam dragon

Illustrated notes

Levels and vault maps discovered:
D:1:      tarquinn_simple_flora_water_a, layout_loops_ring, minmay_tetromino_s2
D:2:      layout_rooms, nicolae_ecumenical_pavilion, uniq_natasha
D:3:      layout_rooms, minmay_rat_hole, uniq_crazy_yiuf_cottage
D:4:      layout_cave_pods, minitemple

Skill      XL: |  1  2  3  4  5 |
---------------+----------------+-----
Fighting       | 2 |  2.4
Spellcasting   | 3 |  3.0
Transmutations | 3 |  3.0
Dodging        | 3 |  3.0
Unarmed Combat | |  3.3

Action                   |  1- 3 |  4- 6 || total
-------------------------+-------+-------++-------
Melee: Unarmed           |    59 |       ||    59
       Kick              |    17 |    10 ||    27
       Constrict         |    17 |    20 ||    37
       Tentacles         |    11 |    12 ||    23
       Punch             |     6 |     1 ||     7
       Short sword       |     4 |    69 ||    73
Throw: Boomerang         |       |     4 ||     4
 Cast: Beastly Appendage |    18 |    15 ||    33
  Use: Scroll            |       |     4 ||     4
       Potion            |       |     1 ||     1
 Stab: Sleeping          |     5 |     4 ||     9
Armor: Skin              |     5 |     7 ||    12
Dodge: Dodged            |    41 |    30 ||    71

Table legend: (Time is in decaauts)
 A = Elapsed time spent in this place.
 B = Non-inter-level travel time spent in this place.
 C = Inter-level travel time spent in this place.
 D = Time resting spent in this place.
 E = Time spent auto-exploring this place.
 F = Levels seen in this place.
 G = Mean time per level.
                   A        B        C        D        E       F      G
               +--------+--------+--------+--------+--------+-----+--------+
         Total |   2635 |   2499 |    136 |      0 |   1924 |   4 |  658.8 |
       Dungeon |   2635 |   2499 |    136 |      0 |   1924 |   4 |  658.8 |
               +--------+--------+--------+--------+--------+-----+--------+

Top non-repeatable levels by time:
     D:1: 1213 daAuts
     D:3: 762 daAuts
     D:2: 633 daAuts
     D:4: 25 daAuts
